Map: Goldenaura LE

Players

A.I. 1 (Very Easy) - Winner!

  • Race: Zerg Zerg
  • Spawn Location: 12:00

Gemini

  • Race: Protoss Protoss
  • League: Master
  • Spawn Location: 5:00

VOD

Have the link to the VOD?

Description

Time

  • Played on: March 16, 2024, 9:18 a.m.
  • Length: 10:18
Show
View Real Time Build Order
Export as new Build Order

A.I. 1 (Very Easy) Zerg - Winner!

Build Orders: Pool First 

Get SALT Encoding   

  12  0:01  Drone  
  13  0:12  Overlord  
  13  0:17  Drone  
  14  0:35  Spawning Pool  
  13  0:37  Extractor  
  13  0:39  Drone  
  13  0:47  Drone  
  14  0:53  Overlord  
  14  1:22  Zergling x2  
  14  1:23  Queen  
  17  1:34  Roach Warren  
  17  1:37  Drone  
  17  1:41  Extractor  
  17  1:45  Drone  
  17  1:48  Zergling x2  
  18  2:04  Drone  
  19  2:11  Drone  
  19  2:15  Zergling x2  
  21  2:20  Drone  
  22  2:29  Overlord  
  22  2:34  Drone  
  23  2:41  Roach, Drone  
  26  2:48  Drone  
  27  4:08  Zergling x2  
  27  4:44  Drone  
  26  4:51  Drone  
  27  7:13  Drone  
  27  7:14  Overlord, Roach, Lair  
  30  7:20  Drone, Hatchery  
  30  7:27  Drone  
  31  7:35  Drone  
  32  7:50  Roach  
  29  8:15  Overseer x2  
  29  8:25  Roach  
  31  8:33  Drone  
  32  8:40  Drone  
  32  8:41  Extractor  
  32  8:44  Extractor  
  32  8:48  Drone  
  32  8:55  Drone  
  33  9:00  Zergling x2  
  33  9:02  Drone  
  35  9:09  Drone  
  36  9:16  Drone  
  37  9:23  Drone  
  38  9:30  Drone  
  39  9:38  Drone  
  40  9:45  Drone  
  41  9:52  Drone  
  42  9:59  Drone  
Show
View Real Time Build Order
Export as new Build Order

Gemini Protoss 

Build Orders: 1 Gate Expand, Oracle Opening, Zealot Archon 

Get SALT Encoding   

  12  0:00  Probe  
  13  0:12  Probe  
  14  0:18  Pylon  
  14  0:24  Probe (Chrono Boost)  
  15  0:37  Probe (Chrono Boost)  
  15  0:38  Gateway  
  16  0:44  Probe (Chrono Boost)  
  16  0:47  Assimilator  
  17  0:51  Probe  
  18  1:03  Probe  
  19  1:15  Probe  
  20  1:24  Nexus  
  20  1:34  Cybernetics Core  
  20  1:38  Probe  
  21  1:45  Assimilator  
  21  1:50  Probe  
  21  1:53  Pylon  
  22  2:02  Probe (Chrono Boost)  
  22  2:08  Adept (Chrono Boost)  
  23  2:11  Warp Gate  
  23  2:14  Probe (Chrono Boost)  
  26  2:18  Probe (Chrono Boost)  
  28  2:30  Probe (Chrono Boost)  
  28  2:31  Stargate  
  28  2:36  Probe (Chrono Boost)  
  29  2:39  Stalker  
  32  2:46  Probe x2 (Chrono Boost)  
  33  2:51  Probe (Chrono Boost)  
  33  2:53  Probe  
  35  3:03  Probe  
  35  3:05  Probe  
  37  3:09  Adept  
  39  3:17  Void Ray (Chrono Boost), Pylon  
  39  3:18  Probe  
  39  3:19  Probe  
  45  3:28  Gateway  
  45  3:30  Probe  
  46  3:35  Probe, Pylon  
  47  3:42  Probe  
  47  3:45  Oracle (Chrono Boost)  
  47  3:47  Probe  
  52  3:55  Probe  
  53  4:01  Nexus  
  53  4:03  Pylon  
  53  4:06  Probe  
  53  4:07  Probe  
  55  4:15  Assimilator x2  
  55  4:19  Probe x2  
  57  4:26  Shield Battery  
  57  4:29  Forge, Twilight Council  
  57  4:36  Pylon  
  57  4:38  Probe x2  
  59  4:50  Probe  
  59  4:51  Probe  
  61  4:53  Charge (Chrono Boost)  
  61  4:54  Protoss Ground Weapons Level 1 (Chrono Boost)  
  61  4:55  Gateway  
  61  4:56  Gateway  
  61  4:57  Gateway  
  61  4:58  Gateway  
  61  5:03  Probe x2  
  63  5:12  Templar Archives  
  63  5:14  Probe  
  63  5:15  Probe  
  63  5:16  Probe  
  66  5:26  Probe  
  67  5:28  Gateway  
  67  5:30  Gateway  
  67  5:31  Probe x2  
  69  5:38  Probe  
  69  5:39  Zealot x2  
  74  5:43  Probe x2  
  74  5:47  Pylon  
  74  5:49  Pylon  
  76  5:53  High Templar x4  
  76  5:55  Probe x2  
  76  5:56  Probe  
  87  5:58  Archon x2  
  87  6:00  Robotics Facility  
  87  6:06  Zealot x2  
  91  6:13  Assimilator  
  91  6:14  Pylon  
  91  6:15  Pylon, Assimilator  
  91  6:17  Probe x2  
  91  6:18  Probe  
  94  6:24  Zealot  
  96  6:26  Zealot x4  
  96  6:31  Zealot x2  
  96  6:32  Zealot  
  110  6:38  Probe x3  
  113  6:47  Pylon  
  113  6:50  Probe x3  
  117  6:55  Sentry x2  
  117  6:56  Observer  
  117  6:57  Nexus  
  117  7:00  Pylon, Zealot x2  
  125  7:03  Protoss Ground Weapons Level 2 (Chrono Boost)  
  125  7:06  Pylon  
  125  7:08  Pylon  
  125  7:09  Pylon  
  125  7:13  High Templar x2  
  129  7:22  Probe x3, Immortal (Chrono Boost)  
  132  7:23  Archon  
  132  7:28  Robotics Facility  
  136  7:33  Robotics Bay  
  136  7:41  Photon Cannon  
  136  7:43  Photon Cannon  
  136  7:45  Photon Cannon  
  136  7:46  Photon Cannon  
  136  7:47  Shield Battery  
  136  7:49  Zealot  
  141  7:57  Pylon  
  138  7:59  Pylon  
  138  8:04  High Templar x2, Zealot  
  138  8:05  Zealot x4  
  152  8:12  Assimilator  
  152  8:15  Assimilator  
  152  8:16  Disruptor (Chrono Boost)  
  152  8:17  Photon Cannon, Disruptor (Chrono Boost)  
  152  8:19  Photon Cannon  
  156  8:22  Archon  
  156  8:24  High Templar  
  156  8:25  High Templar  
  164  8:29  Archon  
  164  8:39  Pylon  
  164  8:42  Disruptor x2 (Chrono Boost)  
  164  8:45  Zealot x4  
  180  9:03  Stargate  
  180  9:06  Fleet Beacon  
  180  9:07  Stargate  
  180  9:12  Disruptor (Chrono Boost)  
  180  9:13  Disruptor (Chrono Boost)  
  188  9:24  Zealot x6  
Tags
 
Add a new tag
Caveats
  • Supply blocks, unpowered buildings, or Contaminate may cause inaccurate times.
  • Supply counts are checked every 10 seconds.